 Dungeon Crawl Stone Soup version 0.31.0-11-ge490571c62 (webtiles) character file.

Game seed: 4965508095936786492

1215 Arcadio the Magician (level 8, -1/41 HPs)
             Began as a Deep Elf Conjurer on Jan 29, 2024.
             Slain by an ufetubus (4 damage)
             ... on level 5 of the Dungeon.
             The game lasted 00:08:45 (5951 turns).

Arcadio the Magician (Deep Elf Conjurer)            Turns: 5951, Time: 00:08:46

Health: -1/41      AC:  2    Str:  4    XL:     8   Next: 22%
Magic:  21/21      EV: 15    Int: 26    God:
Gold:   400        SH:  0    Dex: 13    Spells: 19/22 levels left

rFire   . . .        y - +1 dagger (freeze)
rCold   . . .        (no shield)
rNeg    . . .        a - +0 robe
rPois   .            (no helmet)
rElec   .            (no cloak)
rCorr   .            (no gloves)
SInv    .            (no boots)
Will    .....        (no amulet)
Stlth   ++           j - ring of wizardry
HPRegen 0.26/turn    (no ring)
MPRegen 0.17/turn

%: wizardry (x1)
@: no status effects
A: no striking features
a: no special abilities


You were on level 5 of the Dungeon.
You visited 2 branches of the dungeon, and saw 6 of its levels.

You collected 400 gold pieces.

Inventory:

Hand Weapons
 f - a +0 dagger
 y - a +1 dagger of freezing (weapon)
Armour
 a - a +0 robe (worn)
 E - a +1 kite shield of poison resistance
Jewellery
 j - a ring of wizardry (left hand)
 u - a ring of willpower
Wands
 q - a wand of flame (27)
 r - a wand of charming (9)
 C - a wand of polymorph (7)
Scrolls
 c - 2 scrolls of noise {unknown}
 d - a scroll of vulnerability {unknown}
 e - 2 scrolls of enchant armour {unknown}
 k - a scroll of amnesia {unknown}
 l - 3 scrolls of teleportation {unknown}
 n - 3 scrolls of immolation {unknown}
 o - a scroll of brand weapon {unknown}
 w - 3 scrolls of fog {unknown}
 z - a scroll of torment {unknown}
 A - 2 scrolls of summoning {unknown}
 B - 2 scrolls of fear {unknown}
 D - a scroll of acquirement {unknown}
Potions
 b - a potion of magic
 g - 2 potions of heal wounds
 h - 3 potions of curing
 i - 2 potions of brilliance
 m - 5 potions of resistance
 p - 2 potions of degeneration {unknown}
 s - a potion of cancellation {unknown}
 t - a potion of berserk rage {unknown}
 v - 3 potions of mutation
 x - 3 potions of attraction
 F - a potion of haste {unknown}
 G - a potion of enlightenment {unknown}


   Skills:
 + Level 7.3 Dodging
 - Level 2.4 Stealth
 + Level 7.9 Spellcasting
 + Level 7.6 Conjurations


You had 19 spell levels left.
You knew the following spells:

 Your Spells              Type           Power      Damage    Failure   Level
a - Magic Dart            Conj           100%       1d8       1%          1
b - Searing Ray           Conj           100%       2d8       1%          2

Your spell library contained the following spells:

 Spells                   Type           Power      Damage    Failure   Level
 Hailstorm                Conj/Ice       30%        3d8       1%          3
 Stone Arrow              Conj/Erth      60%        3d10      1%          3
 Fulminant Prism          Conj/Alch      15%        3d10      4%          4
 Iskenderun's Mystic Bla  Conj/Tloc      30%        2d8       4%          4
 Summon Ice Beast         Ice/Summ       10%        N/A       7%          3
 Animate Armour           Summ/Erth      20%        N/A       22%         4
 Sculpt Simulacrum        Ice/Alch       5%         N/A       96%         6
 Lehudib's Crystal Spear  Conj/Erth      15%        10d5      100%        8


Dungeon Overview and Level Annotations

Branches:
Dungeon (5/15)             Temple (1/1) D:5

Altars:
Ashenzari
Cheibriados
Elyvilon
Gozag
Hepliaklqana
Kikubaaqudgha
Makhleb
Nemelex Xobeh
Okawaru
Qazlal
Trog
Uskayaw
Vehumet
Wu Jian
Xom
The Shining One

Annotations:
D:5 Dowan, Duvessa


Message History

The ufetubus misses you. The ufetubus barely misses you.
Duvessa says, "When magic and the sword combine, nothing stands against them."
The adder barely misses you.
Dowan casts a spell.
Dowan blinks!
The ufetubus attacks as it pursues you! The ufetubus hits you.
The ufetubus closely misses you. The ufetubus barely misses you.
The ufetubus completely misses you. The adder attacks as it pursues you!
The adder closely misses you. The adder misses you.
The ufetubus closely misses you. The ufetubus hits you.
The ufetubus attacks as it pursues you! The ufetubus hits you.
The ufetubus hits you but does no damage.
The ufetubus slips past you! The ufetubus hits you.
The ufetubus barely misses you.
Duvessa gestures with her weapon.
The ufetubus barely misses you. The ufetubus completely misses you.
The adder closely misses you. The ufetubus attacks as it pursues you!
The ufetubus hits you but does no damage.
The ufetubus misses you. The ufetubus completely misses you.
The ufetubus misses you. The ufetubus attacks as it pursues you!
The ufetubus hits you.
The ufetubus misses you. x2; The ufetubus closely misses you.
The ufetubus attacks as it pursues you! The ufetubus barely misses you.
The ufetubus misses you. The ufetubus attacks as it pursues you!
The ufetubus hits you. The ufetubus misses you. The ufetubus barely misses you.
The ufetubus hits you. The ufetubus attacks as it pursues you!
The ufetubus barely misses you. The ufetubus hits you.
* * * LOW HITPOINT WARNING * * *
Duvessa says, "When magic and the sword combine, nothing stands against them."
The ufetubus slips past you! The ufetubus hits you.
* * * LOW HITPOINT WARNING * * *
The ufetubus closely misses you. The ufetubus attacks as it pursues you!
The ufetubus barely misses you. The ufetubus misses you.
The ufetubus completely misses you.
The ufetubus hits you but does no damage.
The ufetubus barely misses you. x2
The ufetubus completely misses you. The ufetubus hits you.
You die...

....# ##..##.[.##...#####....
....#
##.....O...........#....
....#
.........................
....#
.....................#...
.....
.........#..........####..
.........#.e.........###..
......###.......##..##.. ..
#.......5......###.###..
..##...#..@5.#...#.....#..#
.....###..>..###.##.......#
.......#..[..#.............
...........................
.........###...............
..........#...............[
..........#................
............##......>##.#..
.........)###..#.......#..#..


You could see Duvessa and 2 ufetubi.

Vanquished Creatures
  Grinder (D:5)
  Prince Ribbit (D:5)
  Edmund (D:5)
  A black bear (D:4)
  An ogre (D:4)
  A scorpion (D:5)
  2 bombardier beetles
  4 iguanas
  Natasha (thrice) (D:2)
  An orc wizard (D:5)
  Robin (D:2)
  9 adders
  3 dart slugs
  3 ribbon worms
  11 orcs
  9 ball pythons
  11 endoplasms
  3 giant cockroaches
  14 goblins
  17 hobgoblins
  4 jackals (D:4)
  6 kobolds
  5 quokkas
  A bat (D:2)
  5 frilled lizards
  7 rats
125 creatures vanquished.

Notes
Turn   | Place    | Note
-------+----------+-------------------------------------------
     0 | D:1      | Arcadio the Deep Elf Conjurer began the quest for the Orb.
     0 | D:1      | Reached XP level 1. HP: 10/10 MP: 6/6
   202 | D:1      | Reached XP level 2. HP: 15/15 MP: 6/8
   707 | D:1      | Reached XP level 3. HP: 19/19 MP: 7/10
  1108 | D:2      | Noticed Robin
  1402 | D:2      | Learned a level 2 spell: Searing Ray
  1441 | D:2      | Reached skill level 5 in Conjurations
  1480 | D:2      | Noticed Natasha
  1486 | D:2      | Killed Natasha
  1487 | D:2      | Reached XP level 4. HP: 15/24 MP: 3/12
  1595 | D:2      | Noticed Natasha
  1600 | D:2      | Killed Natasha
  1699 | D:2      | Killed Robin
  2042 | D:2      | Noticed Natasha
  2048 | D:2      | Killed Natasha
  2049 | D:2      | Reached XP level 5. HP: 10/28 MP: 7/14
  2707 | D:3      | Reached skill level 5 in Spellcasting
  2966 | D:3      | Found an opulent altar of Gozag.
  4168 | D:4      | Reached skill level 5 in Dodging
  4168 | D:4      | Reached XP level 6. HP: 32/32 MP: 11/16
  4506 | D:4      | Found an iron altar of Okawaru.
  5082 | D:5      | Entered Level 5 of the Dungeon
  5107 | D:5      | Reached XP level 7. HP: 36/36 MP: 12/18
  5396 | D:5      | Noticed Prince Ribbit
  5404 | D:5      | Killed Prince Ribbit
  5470 | D:5      | Found a staircase to the Ecumenical Temple.
  5475 | D:5      | Noticed Edmund
  5482 | Temple   | Entered the Ecumenical Temple
  5496 | D:5      | Killed Edmund
  5635 | D:5      | Reached XP level 8. HP: 41/41 MP: 15/21
  5704 | D:5      | Noticed Grinder
  5716 | D:5      | Killed Grinder
  5918 | D:5      | Noticed Duvessa
  5918 | D:5      | Noticed Dowan
  5951 | D:5      | Slain by an ufetubus

Illustrated notes

Levels and vault maps discovered:
D:1:      psy_arrival_dodecagon, layout_loops_ring
D:2:      layout_loops_ring, minmay_pentomino_w4, uniq_natasha, uniq_robin,
          uniq_crazy_yiuf_cottage
D:3:      layout_loops_ring, grunt_gozag_statues, chequers_avenue,
          chequers_serial_rivers_small_b
D:4:      layout_loops_ring, mainiacjoe_overflow_paths,
          minmay_misc_feat_four_crosses, grunt_decor_resistance
D:5:      layout_cave_pools, minmay_temple_entry_tees, uniq_duvessa,
          uniq_prince_ribbit1, uniq_edmund, uniq_grinder
Temple:   eino_temple_water

Skill      XL: |  1  2  3  4  5  6  7  8 |
---------------+-------------------------+-----
Dodging        | 3 4 5 6 7 |  7.3
Spellcasting   | 4 5 6 7 |  7.9
Conjurations   | 5 6 7 |  7.6
Stealth        | |  2.4

Action                     |  1- 3 |  4- 6 |  7- 9 || total
---------------------------+-------+-------+-------++-------
  Melee: Dagger            |       |    15 |       ||    15
   Cast: Magic Dart        |    63 |     7 |     3 ||    73
         Searing Ray       |     3 |    66 |    19 ||    88
    Use: Scroll            |       |     6 |       ||     6
         Potion            |       |       |     1 ||     1
   Stab: Sleeping          |       |     1 |       ||     1
 Armour: Robe              |     3 |    33 |    30 ||    66
  Dodge: Dodged            |     7 |    32 |    66 ||   105
